Map: Nightscape LE

Players

qqq - Winner!

  • Race: Zerg Zerg
  • League: Platinum
  • Spawn Location: 7:00

Massa - Winner!

  • Race: Terran Terran
  • League: Platinum
  • Spawn Location: 7:00

Kial

  • Race: Terran Terran
  • Spawn Location: 1:00

Kibermar

  • Race: Zerg Zerg
  • Spawn Location: 1:00

VOD

Have the link to the VOD?

Description

Time

  • Played on: Jan. 18, 2021, 12:56 p.m.
  • Length: 18:04
Show
View Real Time Build Order
Export as new Build Order

qqq Zerg - Winner!

Build Orders: Hatch First 

Get SALT Encoding   

  12  0:00  Drone  
  13  0:08  Drone  
  14  0:18  Overlord  
  14  0:47  Hatchery  
  13  0:52  Drone  
  13  0:53  Drone  
  15  1:06  Drone  
  16  1:15  Extractor  
  15  1:18  Spawning Pool  
  15  1:22  Drone  
  14  1:33  Drone x2  
  14  1:38  Drone  
  17  1:48  Drone  
  18  1:59  Drone  
  19  2:05  Queen  
  19  2:06  Queen  
  23  2:10  Drone  
  24  2:17  Overlord  
  24  2:25  Metabolic Boost  
  24  2:28  Drone  
  25  2:30  Drone  
  25  2:35  Drone  
  27  2:39  Drone  
  27  2:40  Drone  
  29  2:46  Overlord  
  29  2:49  Zergling x2  
  30  2:53  Zergling x2  
  30  2:55  Zergling x2  
  32  3:02  Zergling x2  
  32  3:04  Zergling x2  
  34  3:12  Overlord  
  34  3:15  Zergling x4  
  34  3:16  Zergling x2  
  34  3:17  Zergling x4  
  34  3:19  Zergling x2  
  40  3:25  Zergling x2  
  41  3:29  Lair  
  41  3:31  Drone  
  41  3:33  Zergling x2  
  43  3:38  Zergling x2  
  44  3:44  Zergling x2  
  45  3:52  Drone  
  46  3:56  Hatchery  
  46  4:00  Zergling x6  
  45  4:38  Zergling x2  
  45  4:39  Zergling x8  
  45  4:40  Zergling x6  
  49  4:54  Zergling x8  
  50  5:02  Overlord  
  50  5:03  Overlord  
  47  5:08  Spire  
  47  5:09  Drone  
  42  5:21  Drone, Zergling x2  
  43  5:22  Drone x2  
  43  5:28  Queen  
  46  5:30  Drone x2  
  46  5:31  Zergling x2  
  51  5:41  Drone x2  
  51  5:42  Drone x2  
  55  5:44  Drone x4  
  55  5:45  Drone, Extractor  
  59  5:55  Zergling x2  
  60  6:00  Zergling x4  
  60  6:02  Hatchery  
  61  6:06  Overlord  
  61  6:08  Drone x2  
  61  6:10  Extractor  
  62  6:11  Extractor  
  62  6:13  Overlord x3  
  62  6:14  Drone  
  62  6:15  Drone  
  62  6:17  Drone  
  62  6:18  Drone  
  65  6:20  Extractor  
  65  6:22  Extractor  
  63  6:27  Mutalisk  
  63  6:28  Mutalisk  
  63  6:29  Mutalisk  
  63  6:32  Mutalisk  
  69  6:36  Drone  
  69  6:38  Drone  
  73  6:50  Drone x4  
  73  6:51  Mutalisk  
  77  7:02  Overlord  
  77  7:03  Overlord x2  
  77  7:04  Drone x3  
  80  7:20  Drone x2  
  80  7:21  Drone x2  
  84  7:28  Mutalisk x2  
  88  7:35  Drone x2, Infestation Pit  
  89  7:38  Zergling x12  
  89  7:39  Drone x2  
  89  7:42  Queen  
  99  7:53  Drone x2, Mutalisk  
  99  7:54  Mutalisk  
  99  7:56  Zerg Flyer Weapons Level 1  
  105  8:00  Corruptor  
  105  8:02  Hatchery  
  106  8:11  Mutalisk, Corruptor  
  110  8:13  Zergling x2  
  110  8:15  Drone x2  
  110  8:16  Drone x2  
  114  8:32  Mutalisk x3  
  110  8:34  Drone x4  
  110  8:35  Drone  
  98  8:41  Mutalisk  
  98  8:44  Drone x2  
  98  8:50  Mutalisk x2  
  99  8:56  Drone x4  
  103  9:16  Drone x5  
  108  9:19  Extractor  
  108  9:20  Extractor, Spore Crawler x2  
  108  9:24  Drone x2, Spine Crawler  
  105  9:25  Queen  
  105  9:27  Spore Crawler  
  106  9:33  Mutalisk x4  
  106  9:34  Mutalisk x2  
  106  9:35  Drone x3  
  117  9:40  Hive  
  117  9:42  Zergling x4  
  117  9:43  Drone x2  
  117  9:50  Drone  
  112  10:14  Mutalisk x5  
  110  10:25  Spore Crawler  
  110  10:26  Spore Crawler  
  110  10:28  Spore Crawler  
  103  10:29  Spore Crawler  
  103  10:32  Spore Crawler  
  101  10:36  Spore Crawler  
  101  10:37  Drone x2  
  101  10:38  Drone x4  
  101  10:41  Spore Crawler  
  101  10:42  Queen, Spore Crawler  
  107  10:44  Corruptor x2  
  107  10:45  Mutalisk x2  
  107  10:46  Mutalisk  
  114  10:52  Zerg Flyer Armor Level 1  
  114  10:56  Drone  
  115  11:03  Extractor x2  
  111  11:14  Mutalisk  
  111  11:16  Viper  
  111  11:18  Mutalisk  
  116  11:26  Drone x2  
  116  11:27  Drone  
  119  11:34  Spire  
  118  11:49  Extractor  
  118  11:54  Hatchery  
  106  12:07  Pneumatized Carapace  
  104  12:09  Overseer x2  
  104  12:12  Mutalisk x2  
  104  12:13  Mutalisk x3  
  109  12:28  Mutalisk  
  109  12:29  Mutalisk  
  101  12:55  Mutalisk x4  
  96  13:06  Drone x3, Mutalisk x3  
  105  13:18  Drone x3  
  105  13:19  Viper  
  111  13:26  Spore Crawler  
  110  13:27  Extractor, Spore Crawler  
  110  13:30  Viper  
  110  13:32  Mutalisk  
  110  13:33  Zergling x8  
  110  13:34  Zergling x6  
  120  13:35  Drone x2  
  122  13:47  Drone  
  122  13:48  Drone, Mutalisk  
  124  13:51  Overlord x3  
  126  13:58  Overlord x2  
  126  14:04  Spore Crawler  
  126  14:05  Drone  
  126  14:06  Hatchery x2  
  126  14:09  Drone x3  
  127  14:15  Spire  
  127  14:16  Zerg Flyer Armor Level 2  
  126  14:28  Mutalisk  
  126  14:29  Mutalisk x3  
  130  14:48  Mutalisk, Viper  
  130  14:49  Mutalisk  
  132  15:04  Mutalisk x3  
  132  15:06  Drone  
  132  15:07  Drone x5  
  139  15:14  Spore Crawler  
  138  15:21  Mutalisk  
  138  15:22  Mutalisk x3  
  138  15:23  Zergling x2  
  138  15:24  Zergling x4  
  138  15:26  Drone x3  
  152  15:30  Queen  
  152  15:35  Viper  
  157  15:38  Viper  
  160  15:53  Mutalisk x3  
  160  15:55  Drone x3  
  169  15:58  Spore Crawler  
  169  16:02  Spine Crawler, Spore Crawler  
  166  16:06  Queen  
  113  16:23  Mutalisk x4  
  113  16:24  Mutalisk x3  
  123  16:27  Drone x2, Zergling x6  
  123  16:28  Zergling x8  
  126  16:57  Mutalisk x5  
  130  17:13  Mutalisk x2  
  130  17:14  Viper x2  
  140  17:15  Mutalisk  
  140  17:17  Corruptor  
  140  17:18  Drone  
  140  17:19  Drone x8  
Show
View Real Time Build Order
Export as new Build Order

Massa Terran - Winner!

Build Orders:  

Get SALT Encoding   

  12  0:00  SCV  
  13  0:12  SCV  
  14  0:19  Supply Depot  
  14  0:24  SCV  
  15  0:41  SCV  
  15  0:42  Barracks  
  16  0:46  Refinery  
  16  0:53  SCV  
  17  1:05  SCV  
  18  1:17  SCV  
  19  1:29  Orbital Command  
  19  1:38  Command Center  
  19  1:45  Barracks Reactor  
  19  1:55  SCV  
  19  1:56  Supply Depot  
  20  2:09  Factory  
  20  2:14  SCV  
  21  2:21  Marine  
  21  2:22  Marine  
  23  2:27  SCV  
  24  2:39  Marine x2  
  26  2:46  Refinery  
  26  2:53  Starport  
  26  2:57  Marine x2  
  28  3:03  Orbital Command  
  28  3:04  SCV  
  29  3:16  SCV  
  30  3:22  Barracks Tech Lab  
  30  3:23  Hellion x2  
  34  3:29  SCV  
  34  3:33  SCV  
  36  3:37  Supply Depot  
  36  3:41  SCV  
  37  3:44  Hellion x2  
  37  3:45  SCV  
  37  3:46  Barracks Tech Lab  
  37  3:47  Banshee  
  45  3:56  SCV  
  45  3:59  SCV  
  47  4:03  Supply Depot  
  47  4:05  Engineering Bay  
  47  4:30  Banshee  
  48  4:43  SCV x2, Cloaking Field  
  45  4:53  Command Center  
  45  4:54  Barracks  
  45  4:55  SCV x2  
  45  4:59  Barracks  
  46  5:04  Refinery, Marine x2  
  46  5:13  Banshee  
  45  5:22  Marine x2  
  47  5:32  SCV x2  
  49  5:36  Siege Tank  
  49  5:39  Marine  
  49  5:40  Marine  
  54  5:44  SCV x2, Barracks Tech Lab  
  54  5:47  Barracks Tech Lab  
  56  5:55  Banshee  
  56  5:56  SCV x2  
  61  5:57  Marine  
  61  5:58  Marine  
  57  6:21  Marauder x2, Marine x2  
  57  6:23  Stimpack  
  57  6:24  Siege Tank  
  62  6:38  Banshee  
  62  6:39  Marine x2  
  67  6:42  Marauder, Marine  
  70  6:56  Marine x2  
  69  7:04  Orbital Command  
  69  7:06  SCV  
  69  7:07  SCV  
  70  7:19  SCV x2, Missile Turret  
  70  7:21  Refinery  
  72  7:24  Siege Tank  
  72  7:26  Marauder  
  77  7:31  Supply Depot x2  
  77  7:52  Marine x2  
  77  7:53  SCV x2, Marauder x2  
  77  7:54  Supply Depot  
  77  7:56  Supply Depot  
  85  8:04  Combat Shield  
  85  8:05  SCV x2  
  84  8:06  Concussive Shells  
  84  8:10  SCV, Marine x2  
  87  8:14  Marauder x2  
  87  8:17  SCV x2  
  93  8:23  SCV  
  94  8:28  Marine x2  
  94  8:29  SCV x2  
  92  8:35  SCV  
  92  8:36  Marauder  
  89  8:41  SCV x2  
  89  8:48  Marine x3  
  80  8:57  Marine  
  75  9:05  Marine  
  75  9:06  Marine x2  
  71  9:14  Marine  
  71  9:16  Missile Turret  
  70  9:19  Missile Turret  
  70  9:23  Marine  
  71  9:24  Marine  
  71  9:26  Missile Turret  
  71  9:27  Refinery, Missile Turret  
  71  9:28  Refinery, Marine  
  71  9:29  Missile Turret  
  73  9:32  Marine  
  73  9:36  Barracks  
  74  9:38  Barracks  
  74  9:41  Marine  
  75  9:46  Barracks  
  75  9:49  Siege Tank  
  78  9:56  Armory  
  78  9:58  Engineering Bay  
  78  9:59  Terran Infantry Weapons Level 1  
  78  10:04  SCV x2  
  78  10:06  SCV  
  81  10:16  SCV  
  81  10:17  Marine x4  
  86  10:22  Siege Tank  
  89  10:29  Medivac  
  89  10:35  Barracks Reactor, Barracks Tech Lab, Marine x4  
  92  10:40  Barracks Reactor  
  93  10:53  Marine x2  
  93  10:54  Marauder x2  
  99  10:58  Medivac  
  99  11:03  Missile Turret  
  95  11:05  Marauder  
  95  11:07  Missile Turret  
  95  11:08  Missile Turret  
  95  11:10  Marine  
  95  11:11  Marine  
  95  11:15  Marauder x2  
  81  11:19  Thor  
  81  11:22  SCV x3  
  81  11:25  Command Center  
  90  11:26  Marauder  
  90  11:29  Raven, Missile Turret  
  94  11:34  SCV x3  
  94  11:35  Terran Infantry Armor Level 1  
  94  11:36  Terran Vehicle Weapons Level 1  
  97  11:46  SCV x3  
  100  11:52  Marauder x3, Marine x3  
  109  12:02  Supply Depot x2  
  109  12:06  Supply Depot  
  109  12:07  Supply Depot  
  109  12:09  Terran Infantry Weapons Level 2  
  109  12:11  Marine x2, Supply Depot  
  109  12:12  SCV  
  109  12:13  Marine  
  109  12:14  SCV  
  109  12:23  SCV, Marine x3  
  109  12:24  Marauder x3, Thor  
  109  12:28  SCV x2, Missile Turret  
  109  12:29  Marine x2, Missile Turret x2  
  129  12:31  Marine  
  129  12:32  Missile Turret x2  
  129  12:36  SCV  
  131  12:41  Marine  
  123  12:45  Marauder  
  110  12:54  Marine x7  
  114  12:59  Marine  
  114  13:06  Marine, Thor  
  114  13:11  Marine  
  114  13:12  Marine x6  
  128  13:15  Factory x3  
  128  13:17  Marine  
  129  13:20  Missile Turret x2  
  129  13:39  Command Center  
  129  13:40  Sensor Tower  
  129  13:48  Missile Turret  
  129  13:59  Missile Turret  
  129  14:02  Command Center  
  129  14:03  Factory Reactor  
  129  14:04  Factory Reactor x2  
  128  14:10  Missile Turret  
  128  14:15  Thor  
  140  14:17  Marauder x2, Marine x3  
  140  14:18  Marine x3  
  146  14:35  Marine x2  
  146  14:38  Marauder  
  148  14:51  Planetary Fortress  
  148  14:55  Missile Turret  
  148  15:09  Missile Turret  
  148  15:10  Missile Turret  
  148  15:15  Raven  
  148  15:18  Missile Turret  
  150  15:29  Missile Turret  
  150  15:31  Missile Turret  
  150  15:33  Marauder x2, Marine x3  
  150  15:34  Marine x3  
  160  15:37  Widow Mine x2  
  160  15:39  Missile Turret  
  164  15:46  Supply Depot  
  164  15:47  Terran Infantry Armor Level 2, Supply Depot  
  164  15:48  Supply Depot  
  164  15:50  Supply Depot  
  164  16:00  Drilling Claws  
  164  16:01  Corvid Reactor  
  164  16:08  Widow Mine x4  
  164  16:09  Widow Mine x3, Marauder  
  164  16:10  Marauder  
  166  16:29  Widow Mine  
  166  16:30  Widow Mine x4, Marauder  
  166  16:32  Marauder  
  166  16:33  Raven  
  166  16:35  Marine x4  
  165  16:51  Marauder  
  165  16:53  Marauder  
  169  17:13  Marauder  
  169  17:14  Marauder  
  173  17:16  Raven  
  160  17:43  Marauder x2, Marine x3  
Show
View Real Time Build Order
Export as new Build Order

Kial Terran 

Build Orders: Liberator Opening 

Get SALT Encoding   

  12  0:02  SCV  
  13  0:14  SCV  
  13  0:18  Supply Depot  
  14  0:26  SCV  
  14  0:28  Refinery  
  15  0:41  Barracks  
  15  0:44  SCV  
  16  0:56  SCV  
  17  1:08  SCV  
  18  1:20  SCV  
  19  1:34  Orbital Command  
  19  1:38  Marine  
  19  1:39  Factory  
  20  1:56  Command Center  
  20  2:00  Barracks Reactor  
  20  2:10  SCV  
  20  2:11  Supply Depot  
  21  2:22  SCV  
  22  2:23  Refinery  
  22  2:34  SCV  
  23  2:37  Starport  
  23  2:45  Hellion  
  23  2:46  SCV  
  23  2:47  Hellion  
  28  2:53  Supply Depot  
  28  2:58  SCV  
  29  3:07  Orbital Command  
  29  3:10  SCV  
  29  3:12  Hellion  
  32  3:18  Medivac  
  34  3:22  Hellion  
  34  3:25  SCV  
  37  3:33  SCV  
  38  3:37  SCV  
  38  3:39  Factory  
  39  3:43  Hellion  
  39  3:47  SCV  
  42  3:49  Refinery  
  42  3:51  Refinery  
  42  3:56  SCV  
  42  3:58  Liberator  
  42  4:01  Hellion  
  41  4:19  Hellion  
  41  4:23  Supply Depot  
  35  4:43  Hellion  
  32  4:55  Hellion  
  34  5:01  SCV  
  34  5:04  Hellion  
  37  5:14  Orbital Command  
  37  5:18  Viking  
  37  5:20  Factory Tech Lab  
  37  5:26  Command Center  
  37  5:32  Barracks Tech Lab  
  37  5:33  SCV  
  38  5:40  SCV  
  39  5:45  SCV  
  40  5:51  Hellion  
  40  5:59  Engineering Bay  
  39  6:20  Hellion x2  
  39  6:22  SCV x2  
  45  6:31  Missile Turret  
  43  6:58  SCV x2  
  45  7:10  SCV  
  43  7:17  SCV  
  44  7:25  Missile Turret  
  44  7:28  SCV  
  45  7:33  Widow Mine  
  45  7:34  SCV  
  48  7:38  SCV  
  48  7:40  SCV  
  49  8:00  SCV x2  
  49  8:01  Orbital Command  
  51  8:12  SCV x2  
  55  8:13  Widow Mine x2  
  57  8:21  Factory  
  57  8:23  Factory  
  57  8:24  Siege Tank  
  42  8:42  SCV  
  42  8:43  SCV x2  
  45  8:56  Hellion x2  
  47  9:05  SCV x3  
  49  9:11  Starport Reactor  
  49  9:15  Refinery  
  49  9:17  SCV x3  
  49  9:21  Armory  
  49  9:22  Siege Tank  
  55  9:25  Factory Tech Lab  
  55  9:29  SCV x3  
  58  9:41  Widow Mine x2, SCV x3, Factory Tech Lab  
  65  9:46  Infernal Pre-Igniter  
  65  9:53  SCV x2  
  65  9:59  Siege Tank  
  70  10:03  Hellion x2  
  70  10:05  SCV  
  75  10:07  Refinery  
  75  10:12  SCV  
  76  10:17  SCV, Siege Tank, Supply Depot  
  76  10:18  Hellion  
  76  10:20  Supply Depot  
  82  10:21  Supply Depot  
  82  10:22  Orbital Command  
  82  10:24  SCV  
  82  10:27  Hellion  
  85  10:34  Refinery, Missile Turret  
  85  10:38  Supply Depot  
  85  10:39  SCV, Hellion x2, Siege Tank  
  85  10:40  Supply Depot  
  85  10:42  Viking x2  
  87  10:50  Siege Tank  
  87  11:06  Orbital Command  
  87  11:11  Siege Tank  
  87  11:16  Marine  
  91  11:23  Hellion x2, Viking, Siege Tank  
  91  11:25  SCV  
  101  11:26  Drilling Claws  
  101  11:27  Widow Mine  
  103  11:46  Widow Mine, Siege Tank  
  103  11:47  Widow Mine  
  110  11:52  Viking  
  112  11:54  SCV  
  112  11:55  SCV x2  
  112  11:58  Refinery  
  112  12:00  Missile Turret  
  115  12:06  SCV  
  115  12:07  SCV x2  
  118  12:13  Widow Mine x2  
  122  12:15  Viking  
  122  12:21  Viking  
  109  12:31  Siege Tank x2  
  86  12:46  Hellion x2, Siege Tank  
  87  12:57  Factory  
  87  13:03  Siege Tank  
  90  13:06  Sensor Tower  
  90  13:07  SCV  
  90  13:10  SCV, Armory, Terran Vehicle Weapons Level 1  
  90  13:11  Hellion x2  
  90  13:12  Command Center  
  96  13:18  Missile Turret, Siege Tank  
  99  13:23  SCV x2  
  101  13:30  Hi-Sec Auto Tracking  
  101  13:31  Missile Turret  
  101  13:32  Missile Turret  
  101  13:37  Supply Depot x2  
  101  13:38  Supply Depot  
  101  13:47  Siege Tank  
  101  13:48  Factory Reactor  
  104  13:54  Factory  
  108  14:03  Widow Mine x2, Viking  
  110  14:21  Thor  
  116  14:24  Refinery  
  116  14:28  Refinery, Planetary Fortress  
  116  14:29  Missile Turret  
  116  14:34  Missile Turret  
  116  14:44  SCV  
  116  14:45  Hellion x2  
  121  14:46  Terran Vehicle And Ship Armor Level 1  
  121  14:48  Viking x2  
  121  14:52  Factory Tech Lab  
  125  14:54  Starport  
  125  14:56  Factory  
  121  15:02  Starport  
  121  15:06  Thor  
  125  15:22  Widow Mine x4  
  125  15:23  Viking x2  
  137  15:29  Neosteel Armor  
  137  15:33  Hellion x2  
  137  15:34  SCV  
  142  15:37  Starport Reactor  
  142  15:44  SCV x2  
  144  15:53  Thor  
  144  15:56  Missile Turret x2  
  150  15:57  Missile Turret  
  148  16:06  Siege Tank  
  148  16:07  Thor  
  148  16:11  Refinery  
  129  16:23  Hellion, Siege Tank  
  129  16:24  Widow Mine, Hellion  
  90  16:36  Siege Tank  
  90  16:38  Siege Tank  
  78  16:41  Hellion  
  78  16:45  Hellion  
  79  16:50  Siege Tank  
  79  16:51  Hellion  
  81  16:56  Siege Tank  
  84  17:14  Siege Tank x2  
  90  17:17  Factory Tech Lab  
  90  17:22  Siege Tank  
Show
View Real Time Build Order
Export as new Build Order

Kibermar Zerg 

Build Orders: Hatch First 

Get SALT Encoding   

  12  0:00  Drone  
  13  0:08  Drone  
  14  0:16  Overlord  
  14  0:34  Drone  
  14  0:35  Drone x2  
  17  0:53  Hatchery  
  16  0:57  Extractor  
  15  1:08  Spawning Pool  
  15  1:10  Drone  
  15  1:14  Drone  
  16  1:19  Drone  
  16  1:23  Drone  
  18  1:32  Drone  
  19  1:43  Drone  
  20  1:55  Queen  
  20  1:58  Overlord  
  22  2:04  Roach Warren  
  22  2:07  Drone x2  
  23  2:14  Queen  
  25  2:17  Drone  
  25  2:22  Extractor  
  25  2:23  Drone  
  25  2:27  Drone  
  25  2:28  Drone  
  29  2:37  Drone  
  29  2:47  Spine Crawler  
  29  2:48  Drone  
  29  2:49  Drone  
  30  2:54  Lair  
  30  2:58  Drone  
  31  2:59  Drone  
  31  3:02  Drone  
  33  3:11  Drone  
  33  3:12  Drone x2  
  36  3:16  Overlord  
  36  3:24  Extractor  
  36  3:26  Extractor  
  34  3:30  Drone x2  
  36  3:38  Drone  
  36  3:39  Drone x5  
  42  3:45  Drone x2  
  44  3:55  Glial Reconstitution  
  44  4:09  Overlord x2  
  44  4:10  Overlord  
  44  4:28  Roach x7  
  54  4:41  Roach  
  54  4:42  Roach x3  
  48  5:00  Roach  
  48  5:01  Roach x4  
  51  5:25  Drone x5  
  51  5:28  Queen  
  58  5:38  Spire  
  57  5:45  Drone  
  57  5:46  Drone  
  59  5:56  Drone x3  
  62  6:08  Drone x4  
  62  6:09  Drone  
  67  6:13  Drone  
  68  6:32  Overseer  
  68  7:02  Overlord x5  
  68  7:17  Zerg Flyer Weapons Level 1  
  68  7:27  Mutalisk x7  
  82  7:41  Mutalisk x2  
  86  7:49  Hatchery  
  86  7:50  Extractor x2  
  83  8:01  Pneumatized Carapace  
  83  8:04  Mutalisk  
  83  8:05  Mutalisk x6  
  55  8:44  Mutalisk  
  55  8:45  Mutalisk x5  
  62  9:05  Mutalisk  
  64  9:13  Mutalisk  
  66  9:33  Mutalisk  
  66  9:34  Mutalisk  
  70  9:40  Hatchery  
  70  9:42  Extractor  
  68  9:47  Mutalisk  
  68  9:48  Mutalisk x3  
  76  10:00  Mutalisk  
  72  10:25  Mutalisk  
  72  10:26  Mutalisk x2  
  78  10:37  Drone x3  
  78  10:39  Drone  
  82  10:43  Zerg Flyer Weapons Level 2  
  82  11:01  Mutalisk x2  
  82  11:02  Mutalisk x4  
  90  11:27  Mutalisk x6  
  102  11:43  Drone x2  
  102  11:44  Drone x4  
  98  12:04  Mutalisk x5  
  82  13:01  Mutalisk x9  
  72  13:14  Drone x3  
  75  13:22  Zerg Flyer Armor Level 1  
  75  13:25  Hatchery  
  75  13:26  Extractor  
  73  13:28  Hatchery  
  73  13:29  Extractor  
  73  13:30  Mutalisk x2  
  75  13:43  Mutalisk x4  
  83  13:58  Mutalisk  
  83  13:59  Mutalisk x2  
  89  14:11  Mutalisk x2  
  89  14:13  Drone  
  89  14:14  Drone x5  
  99  14:35  Mutalisk  
  99  14:36  Mutalisk  
  67  14:50  Corruptor x4  
  73  14:53  Drone  
  73  14:54  Drone x2  
  73  14:55  Drone x3  
  73  14:58  Drone x3  
  82  15:06  Corruptor x3  
  84  15:13  Infestation Pit  
  87  15:19  Hydralisk Den  
  86  15:25  Corruptor  
  86  15:28  Drone x9  
  97  15:58  Corruptor x3  
  103  16:07  Hatchery  
  103  16:09  Extractor  
  101  16:12  Extractor  
  88  16:18  Mutalisk  
  88  16:20  Roach  
  88  16:21  Roach x8  
  104  16:35  Mutalisk  
  104  16:36  Mutalisk x4  
  106  16:58  Mutalisk x6  
  113  17:05  Mutalisk  
  108  17:18  Mutalisk  
  108  17:19  Roach  
  108  17:20  Roach x2  
  90  17:39  Mutalisk x2  
Tags
 
Add a new tag
Caveats
  • Supply blocks, unpowered buildings, or Contaminate may cause inaccurate times.
  • Supply counts are checked every 10 seconds.